 Seeded DCSS version 0.28-a0-1567-g1695149f81 (webtiles) character file.

Game seed: 4329 (custom seed)

42 knot the Chopper (level 3, 6/43 HPs)
             Began as a Demonspawn Berserker on Jan 20, 2022.
             Was a Follower of Trog.
             Quit the game on level 2 of the Dungeon.
             The game lasted 00:00:42 (1085 turns).

knot the Chopper (Demonspawn Berserker)             Turns: 1085, Time: 00:00:43

Health: 6/43       AC:  2    Str: 17    XL:     3   Next: 35%
Magic:  3/3        EV: 12    Int: 10    God:    Trog [*.....]
Gold:   57         SH:  0    Dex: 12    Spells: 2/2 levels left

rFire   . . .      SeeInvis .   a - +0 hand axe
rCold   . . .      Faith    .   (no shield)
rNeg    . . .      Spirit   .   b - +0 animal skin
rPois   .          Reflect  .   (no helmet)
rElec   .          Harm     .   (no cloak)
rCorr   .          Rampage  .   (no gloves)
Will    .....                   (no boots)
Stlth   ..........              (no amulet)
HPRegen 0.14/turn               (no ring)
MPRegen 0.08/turn               (no ring)

@: berserking (expiring), very quick
A: claws 1, sanguine armour 1
a: Renounce Religion, Berserk


You were on level 2 of the Dungeon.
You worshipped Trog.
Trog was aware of your devotion.
You visited 1 branch of the dungeon, and saw 2 of its levels.

You collected 57 gold pieces.

Inventory:

Hand Weapons
 a - a +0 hand axe (weapon)
Missiles
 c - 78 stones (quivered)
Armour
 b - a +0 animal skin (worn)
Scrolls
 e - a scroll of identify {unknown}
Potions
 d - 2 potions of attraction {unknown}
 f - a potion of curing {unknown}


   Skills:
 - Level 3.0 Fighting
 + Level 4.1 Axes
 - Level 1.7 Armour
 - Level 1.7 Dodging


You had 2 spell levels left.
You didn't know any spells.
Your spell library was empty.

Dungeon Overview and Level Annotations

Branches:
Dungeon (2/15)

Altars:

Shops:
D:1 *


Innate Abilities, Weirdness & Mutations

You have sharp fingernails.
When seriously injured, your blood forms armour. (AC +0)


Message History

Terence barely misses you.
The ball python hisses angrily.
You hit Terence but do no damage.
Terence is lightly wounded.
Terence hits you with a +0 hand axe.
A red film seems to cover your vision as you go berserk!
You feel yourself moving faster!
You feel mighty! Terence hits you with a +0 hand axe.
You completely miss Terence.
Terence is lightly wounded.
Terence hits you with a +0 hand axe!
* * * LOW HITPOINT WARNING * * *
You hit Terence.
Terence is moderately wounded.
You hit the ball python.
You kill the ball python!
Trog accepts your kill. Terence hits you with a +0 hand axe.
* * * LOW HITPOINT WARNING * * *
You hit Terence.
Terence is heavily wounded.
You completely miss Terence.
Terence is heavily wounded.
Terence hits you but does no damage.
You hit Terence.
Terence is heavily wounded.
Terence closely misses you.
You slash Terence!
You kill Terence!
Trog accepts your kill.
You hit the ball python.
You kill the ball python!
Trog accepts your kill.
Your Axes skill increases to level 4!
You have reached level 3!
Your experience leads to an increase in your attributes!
Increase (S)trength, (I)ntelligence, or (D)exterity?
You feel clever. x2; Your demonic ancestry asserts itself...
You feel your blood ready itself to protect you.
Are you sure you want to abandon this character and quit the game? (Confirm with "yes".)

#.........#
#.........#
+.........#
##.........#
...........#
#..........#
#.....)†...#
#.....†@...#######
....>............#
.##..#####.#####.
...............#
.##..##.###..###.###
#.................
#...#.#.#..##########
#.....<..............
#.....#..#.##########


There were no monsters in sight!

Vanquished Creatures
  Terence (D:2)
  6 ball pythons
  2 endoplasms
  2 hobgoblins (D:1)
  A kobold (D:1)
  A bat (D:1)
  A frilled lizard (D:1)
  4 rats (D:1)
18 creatures vanquished.

Notes
Turn   | Place    | Note
-------+----------+-------------------------------------------
     0 | D:1      | knot the Demonspawn Berserker began the quest for the Orb.
     0 | D:1      | Reached XP level 1. HP: 18/18 MP: 1/1
   258 | D:1      | Reached skill level 3 in Axes
   472 | D:1      | Gained mutation: You have sharp fingernails. [demonic
                  | ancestry]
   472 | D:1      | Reached XP level 2. HP: 24/24 MP: 2/2
   512 | D:1      | Found Kocsuc's General Store.
  1072 | D:2      | Noticed Terence
  1084 | D:2      | Killed Terence
  1085 | D:2      | Reached skill level 4 in Axes
  1085 | D:2      | Gained mutation: When seriously injured, your blood forms
                  | armour. (AC +0) [demonic ancestry]
  1085 | D:2      | Reached XP level 3. HP: 6/29 MP: 3/3
  1085 | D:2      | Quit the game

Illustrated notes

Levels and vault maps discovered:
D:1:      tarquinn_simple_flora_water_c, layout_loops_ring, serial_shops, shop,
          minmay_tetromino_l4
D:2:      layout_basic, uniq_terence

Skill      XL: |  1  2 |
---------------+-------+-----
Axes           | 3 4 |  4.1
Fighting       | |  3.0
Armour         | |  1.7
Dodging        | |  1.7

Action                   || total
-------------------------++-------
Melee: Hand axe          ||    52
Invok: Berserk           ||     2
 Stab: Sleeping          ||     2
Armor: Animal skin       ||     9
Dodge: Dodged            ||    29

Table legend: (Time is in decaauts)
 A = Elapsed time spent in this place.
 B = Non-inter-level travel time spent in this place.
 C = Inter-level travel time spent in this place.
 D = Time resting spent in this place.
 E = Time spent auto-exploring this place.
 F = Levels seen in this place.
 G = Mean time per level.
                   A        B        C        D        E       F      G
               +--------+--------+--------+--------+--------+-----+--------+
         Total |   1098 |   1076 |     22 |    190 |    760 |   2 |  549.0 |
       Dungeon |   1098 |   1076 |     22 |    190 |    760 |   2 |  549.0 |
               +--------+--------+--------+--------+--------+-----+--------+

Top non-repeatable levels by time:
     D:1: 1029 daAuts
     D:2: 69 daAuts
